Map: Nightshade LE

Players

Osiris

  • Race: Terran Terran
  • League: Diamond
  • Spawn Location: 5:00

JimmyShmo - Winner!

  • Race: Protoss Protoss
  • League: Diamond
  • Spawn Location: 11:00

VOD

Have the link to the VOD?

Description

Time

  • Played on: Feb. 15, 2020, 12:29 p.m.
  • Length: 12:57
Show
View Real Time Build Order
Export as new Build Order

Osiris Terran 

Build Orders: 2 Factory, Cyclone Opening, Gas First Reaper Expand, Mech 

Get SALT Encoding   

  12  0:01  SCV  
  13  0:13  SCV  
  14  0:17  Supply Depot  
  14  0:25  SCV  
  14  0:27  Refinery  
  15  0:38  SCV  
  16  0:45  Barracks  
  16  0:50  SCV  
  17  1:02  SCV  
  18  1:14  SCV  
  19  1:35  Orbital Command, Reaper  
  20  1:49  Command Center  
  20  2:00  SCV  
  21  2:07  Factory  
  21  2:08  Marine  
  21  2:12  SCV  
  23  2:17  Supply Depot  
  23  2:26  Refinery  
  23  2:27  Barracks Tech Lab  
  23  2:39  SCV  
  25  2:51  SCV  
  25  2:57  Cyclone  
  28  3:01  Factory  
  28  3:03  SCV  
  30  3:06  Orbital Command  
  29  3:15  SCV  
  30  3:21  Mag-Field Accelerator  
  30  3:27  SCV  
  30  3:31  Barracks Reactor  
  30  3:33  SCV, Refinery  
  32  3:39  SCV  
  33  3:42  Supply Depot  
  33  3:45  SCV  
  34  3:52  Cyclone  
  34  3:54  SCV  
  38  4:00  Supply Depot  
  38  4:05  SCV  
  38  4:09  SCV  
  40  4:15  Supply Depot  
  40  4:17  SCV  
  40  4:19  Hellion x2  
  40  4:21  SCV  
  46  4:26  Bunker  
  46  4:29  Cyclone  
  46  4:30  SCV  
  50  4:33  SCV  
  50  4:35  Barracks Tech Lab  
  50  4:36  Factory  
  51  4:42  SCV  
  51  4:43  Hellion x2  
  51  4:45  SCV  
  57  4:54  SCV  
  57  4:57  SCV  
  59  5:03  Cyclone  
  59  5:04  Infernal Pre-Igniter  
  59  5:05  Hellion x2  
  65  5:08  SCV  
  65  5:11  Supply Depot  
  65  5:12  SCV  
  67  5:22  SCV  
  67  5:27  Hellion  
  70  5:33  Hellion, Supply Depot x2, SCV, Cyclone  
  76  5:38  SCV  
  77  5:45  SCV, Cyclone  
  77  5:46  Supply Depot  
  83  5:50  Hellion  
  83  5:54  Hellion  
  83  5:55  SCV  
  86  6:05  Refinery  
  86  6:06  SCV  
  86  6:10  Supply Depot  
  87  6:12  Command Center  
  87  6:17  SCV  
  90  6:18  Cyclone x2  
  90  6:19  Hellion  
  95  6:32  Hellion  
  95  6:38  SCV x2  
  97  6:40  Hellion  
  98  6:54  Hellion, Siege Tank  
  74  6:56  Engineering Bay  
  74  6:57  Orbital Command  
  64  7:01  Hellion  
  64  7:02  Hellion  
  61  7:16  Hellion  
  28  8:06  Orbital Command  
  28  8:17  Orbital Command  
  28  8:23  Orbital Command  
  8  11:02  Orbital Command  
  8  11:29  Orbital Command  
Show
View Real Time Build Order
Export as new Build Order

JimmyShmo Protoss - Winner!

Build Orders: 1 Gate Expand 

Get SALT Encoding   

  12  0:01  Probe  
  13  0:13  Probe  
  14  0:18  Pylon  
  14  0:25  Probe  
  15  0:37  Probe (Chrono Boost), Gateway  
  16  0:47  Probe (Chrono Boost)  
  16  0:48  Assimilator  
  17  0:52  Probe (Chrono Boost)  
  18  1:03  Probe  
  19  1:15  Probe  
  20  1:29  Probe  
  21  1:35  Nexus  
  21  1:39  Cybernetics Core  
  21  1:48  Pylon  
  21  1:51  Probe  
  22  1:56  Assimilator  
  22  2:03  Probe  
  23  2:13  Stalker (Chrono Boost)  
  23  2:20  Warp Gate, Probe  
  26  2:29  Pylon  
  26  2:32  Probe  
  27  2:38  Gateway  
  28  2:44  Probe  
  28  2:50  Probe  
  29  2:53  Twilight Council, Stalker (Chrono Boost)  
  29  2:56  Probe  
  32  3:04  Probe  
  33  3:17  Gateway  
  33  3:22  Gateway  
  33  3:23  Charge (Chrono Boost), Stalker (Chrono Boost)  
  35  3:31  Probe  
  36  3:37  Probe  
  37  3:43  Probe  
  37  3:45  Pylon  
  38  3:52  Zealot  
  40  4:06  Dark Shrine  
  40  4:08  Probe x2  
  42  4:10  Assimilator  
  42  4:13  Assimilator  
  42  4:15  Zealot  
  42  4:16  Zealot  
  46  4:20  Probe x2  
  48  4:32  Probe  
  48  4:33  Zealot, Shield Battery  
  51  4:45  Pylon, Probe  
  52  4:48  Probe, Pylon  
  53  5:09  Shadow Stride (Chrono Boost)  
  53  5:13  Zealot x2  
  53  5:14  Zealot x2  
  61  5:20  Pylon  
  61  5:25  Probe x2  
  63  5:34  Dark Templar x3  
  69  5:39  Dark Templar  
  71  5:52  Gateway  
  71  5:57  Probe  
  71  6:03  Pylon  
  71  6:04  Pylon  
  72  6:08  Dark Templar x2  
  72  6:10  Dark Templar  
  78  6:20  Zealot  
  55  6:50  Probe  
  55  6:51  Probe  
  55  6:54  Dark Templar x4  
  54  7:03  Zealot  
  28  7:30  Probe  
Tags
 
Add a new tag
Caveats
  • Supply blocks, unpowered buildings, or Contaminate may cause inaccurate times.
  • Supply counts are checked every 10 seconds.